 Dungeon Crawl Stone Soup version 0.24.1-14-gf8d2b509d9 (webtiles) character file.

Game seed: 4650891816762946517, levelgen mode: deterministic

165 tkbsonic5 the Skirmisher (level 5, -4/37 HPs)
             Began as an Octopode Fighter on Nov 25, 2021.
             Was an Initiate of Dithmenos.
             Killed from afar by an orc wizard (10 damage)
             ... with a magic dart
             ... on level 4 of the Dungeon.
             The game lasted 00:11:04 (3480 turns).

tkbsonic5 the Skirmisher (Octopode Fighter)         Turns: 3480, Time: 00:11:04

Health: -4/37      AC:  1    Str: 14 (16) XL:     5   Next: 46%
Magic:  5/5        EV: 14    Int:  8 (10) God:    Dithmenos [......]
Gold:   191        SH:  0    Dex: 12      Spells: 4/4 levels left

rFire    . . .     SeeInvis .   c - -1 great sword
rCold    . . .     Gourm    .   (shield currently unavailable)
rNeg     . . .     Faith    .   (helmet restricted)
rPois    .         Spirit   .   (no amulet)
rElec    .         Reflect  .   (no ring)
rCorr    .         Harm     .   (no ring)
MR       .....                  (no ring)
Stlth    +++.......             (no ring)
HPRegen  0.12/turn              (no ring)
MPRegen  0.09/turn              (no ring)
                                (no ring)
                                (no ring)

@: slowed, very slow
A: almost no armour, stealthy swim, amphibious, 8 rings, constrict 8, camouflage
1, gelatinous body 1
a: Renounce Religion


You were on level 4 of the Dungeon.
You worshipped Dithmenos.
Dithmenos was noncommittal.
You were not hungry.

You visited 1 branch of the dungeon, and saw 4 of its levels.

You collected 191 gold pieces.

Inventory:

Hand Weapons
 a - a +0 long sword
 c - a -1 great sword (weapon)
 m - a +0 hunting sling
Missiles
 h - 23 stones (quivered)
 i - 24 bolts
 j - 11 arrows
Armour
 b - a +0 shield
Jewellery
 f - an uncursed ring of protection from magic {unknown}
 k - a +4 ring of strength {unknown}
Scrolls
 e - 5 scrolls of remove curse
Potions
 g - 2 potions of brilliance
Comestibles
 d - 6 rations


   Skills:
 * Level 4.0 Fighting
 * Level 3.1 Long Blades
 + Level 3.4 Dodging
 * Level 3.4 Stealth
 - Level 3.3 Shields
 * Level 0.2 Invocations


You had 4 spell levels left.
You didn't know any spells.
Your spell library was empty.

Dungeon Overview and Level Annotations

Branches:
Dungeon (4/15)
 Temple: D:4-7

Altars:
Cheibriados
Dithmenos
Kikubaaqudgha
Makhleb

Annotations:
D:4 4 runed translucent doors


Innate Abilities, Weirdness & Mutations

You cannot wear most types of armour.
You are very stealthy in the water. (Stealth+)
You are amphibious.
You can wear up to eight rings at the same time.
You can use your tentacles to constrict eight enemies at once.
Your skin changes colour to match your surroundings (Stealth+).
Your rubbery body absorbs attacks. (AC +1, EV +1)


Message History

The orc wizard casts a spell.
The orc wizard seems to speed up.
You closely miss the orc wizard. Your grab misses the orc wizard.
You squeeze the orc wizard, but do no damage.
The orc wizard hits you but does no damage.
The phantom hits you! The orc wizard barely misses you. The phantom hits you!
* * * LOW HITPOINT WARNING * * *
The orc wizard gestures at you while chanting.
You resist with some effort.
Okay, then.
Okay, then.
The orc wizard casts a spell.
The orc wizard blinks!
The orc wizard gestures wildly while chanting.
The orc wizard blinks!
The phantom barely misses you.
You riposte.
You barely miss the phantom.
The phantom is heavily damaged.
The orc wizard casts a spell at you. The magic dart hits you!
You die...

#.# #.# #.#
.#######.#
.........# #
.......o## ..
#######.##.#.#.
#...W)#........
#.###.@ยง...#..#
#.##########.#
#............#
#####........#
#..##++##.+
#.##8..8#
#.#8.?..8#
#.#####.#r..l.[#
#.......#)....)#


You could see a phantom and an orc wizard.

Vanquished Creatures
  4 gnolls (D:3)
  5 adders
  3 worms
  A dart slug (D:3)
  4 leopard geckos
  3 orcs
  6 bats
  2 giant cockroaches
  12 goblins
  4 hobgoblins
  4 kobolds
  A quokka (D:3)
  2 ball pythons
  10 frilled lizards
  6 rats
  3 rat zombies (D:3)
70 creatures vanquished.

Notes
Turn   | Place    | Note
-------+----------+-------------------------------------------
     0 | D:1      | tkbsonic5 the Octopode Fighter began the quest for the Orb.
     0 | D:1      | Reached XP level 1. HP: 16/16 MP: 1/1
    74 | D:1      | Reached skill level 1 in Stealth
    75 | D:1      | Reached XP level 2. HP: 14/21 MP: 2/2
   938 | D:2      | Reached XP level 3. HP: 24/26 MP: 3/3
  1139 | D:2      | Reached XP level 4. HP: 11/31 MP: 4/4
  2386 | D:3      | Reached XP level 5. HP: 37/37 MP: 5/5
  2697 | D:3      | Found an ancient bone altar of Kikubaaqudgha.
  2763 | D:3      | Reached skill level 4 in Fighting
  3223 | D:3      | Found a shadowy altar of Dithmenos.
  3223 | D:3      | Found a snail-covered altar of Cheibriados.
  3223 | D:3      | Found a burning altar of Makhleb.
  3230 | D:3      | Became a worshipper of Dithmenos the Shadowed
  3410 | D:4      | Found a large runed translucent door.
  3410 | D:4      | Found a large runed translucent door.
  3416 | D:4      | Found a large runed translucent door.
  3417 | D:4      | Found a large runed translucent door.
  3446 | D:4      | Noticed a phantom
  3480 | D:4      | Killed from afar by an orc wizard

Levels and vault maps discovered:
D:1:      erik_arrival_blinker_ship, layout_loops_corners
D:2:      layout_loops_ring, minmay_lizard_king
D:3:      layout_basic, lemuel_zombie_altar_kikubaaqudgha,
          gammafunk_temple_overflow_claw, interstate_on_off
D:4:      cheibrodos_helix_gallery, layout_basic,
          nicolae_overflow_hidden_temple, first_ration,
          minmay_hollow_rounded_squares, uniq_blork_the_orc

Skill      XL: |  1  2  3  4  5 |
---------------+----------------+-----
Stealth        | 1 2 3 |  3.4
Long Blades    | 3 |  3.1
Fighting       | 4 |  4.0
Dodging        | |  3.4
Shields        | |  3.3
Invocations    | |  0.2

Action                   |  1- 3 |  4- 6 || total
-------------------------+-------+-------++-------
Melee: Long sword        |    44 |    74 ||   118
       Constrict         |    10 |    26 ||    36
       Tentacles         |     3 |    13 ||    16
       Great sword       |       |     8 ||     8
 Fire: Hunting sling     |       |     6 ||     6
  Use: Scroll            |     4 |     3 ||     7
       Potion            |       |     2 ||     2
 Stab: Sleeping          |     6 |     5 ||    11
  Eat: Chunk             |       |     3 ||     3
       Ration            |       |     2 ||     2
Armor: Skin              |     2 |     4 ||     6
Dodge: Dodged            |    19 |    34 ||    53
Block: Shield            |    20 |    36 ||    56
       Rpst.: Long sword |     4 |     5 ||     9
       Great sword       |       |     1 ||     1
